 Dungeon Crawl Stone Soup version 0.24.0-13-gcf9b3192b9 (webtiles) character file.

Game seed: 9859137560441430082, levelgen mode: deterministic

3662 Monsterracer the Grappler (level 10, -6/90 HPs)
             Began as a Ghoul Fire Elementalist on Nov 5, 2019.
             Was a Priest of Kikubaaqudgha.
             Mangled by a slave (7 damage)
             ... led by Pikel
             ... on level 8 of the Dungeon.
             The game lasted 00:12:43 (6874 turns).

Monsterracer the Grappler (Ghoul Fire Elementalist) Turns: 6874, Time: 00:12:44

Health: -6/90      AC: 13    Str: 21    XL:     10   Next: 12%
Magic:  11/11      EV:  8    Int: 10    God:    Kikubaaqudgha [***...]
Gold:   306        SH: 16    Dex: 14    Spells: 8/12 levels left

rFire    . . .     SeeInvis .     - Unarmed
rCold    + + .     Gourm    .   o - +0 large shield
rNeg     + + +     Faith    .   g - +0 plate armour
rPois    ∞         Spirit   .   h - +0 helmet
rElec    .         Reflect  .   k - +1 cloak (curse)
rCorr    .         Harm     .   s - +1 pair of gloves
MR       .....                  (no boots)
Stlth    +.........             d - amulet of Yqamit {rC+ Regen+ Stlth+}
HPRegen  0.00/turn              a - ring of stealth
MPRegen  0.12/turn              (no ring)

@: mighty, agile, marked, corroded, rotting
A: rotting body, claws 1, carnivore, cold resistance 1, negative energy
resistance 3, inhibited regeneration, torment resistance, unbreathing
a: Receive Corpses, Renounce Religion


You were on level 8 of the Dungeon.
You worshipped Kikubaaqudgha.
Kikubaaqudgha was most pleased with you.
You were not hungry.

You visited 1 branch of the dungeon, and saw 8 of its levels.

You collected 306 gold pieces.

Inventory:

Armour
 g - a +0 plate armour (worn)
   (You found it on level 1 of the Dungeon)
 h - a +0 helmet (worn)
   (You found it on level 1 of the Dungeon)
 k - a cursed +1 cloak (worn)
   (You found it on level 5 of the Dungeon)
 o - a +0 large shield (worn)
   (You found it on level 3 of the Dungeon)
 s - a +1 pair of gloves (worn)
   (You found it on level 7 of the Dungeon)
 u - a scarf of spirit shield
   (You acquired it on level 7 of the Dungeon)
Jewellery
 a - a ring of stealth (left hand)
   (You found it on level 3 of the Dungeon)
 d - the amulet of Yqamit (around neck) {rC+ Regen+ Stlth+}
   (You found it on level 5 of the Dungeon)

   [amulet of regeneration]

   It protects you from cold.
   It increases your rate of regeneration.
   It makes you more stealthy.
Wands
 n - a wand of flame (21)
   (You took it off a goblin on level 6 of the Dungeon)
 v - a wand of scattershot (7)
   (You found it on level 8 of the Dungeon)
Scrolls
 m - 2 scrolls of magic mapping
 r - 4 scrolls of remove curse
 t - a scroll of teleportation {!r}
Potions
 b - 2 potions of flight
 e - 5 potions of curing
 i - a potion of degeneration {unknown}
 p - a potion of heal wounds {unknown}
 q - 2 potions of magic
Comestibles
 c - 6 rations
 l - 16 chunks of flesh


   Skills:
 + Level 8.5 Fighting
 + Level 3.6 Armour
 - Level 1.7 Dodging
 - Level 2.1 Stealth
 + Level 6.7 Shields
 * Level 11.8 Unarmed Combat
 - Level 1.7 Spellcasting
 - Level 0.7 Conjurations
 - Level 2.4 Fire Magic


You had 8 spell levels left.
You knew the following spells:

 Your Spells              Type           Power        Failure   Level  Hunger
a - Flame Tongue          Conj/Fire      #....        100%        1    ##.....
j - Regeneration          Chrm/Necr      #.........   100%        3    ####...

Your spell library contained the following spells:

 Spells                   Type           Power        Failure   Level  Hunger
 Animate Skeleton         Necr           N/A          100%        1    ##.....
 Infusion                 Chrm           #...         100%        1    ##.....
 Pain                     Necr           #...         100%        1    ##.....
 Corpse Rot               Necr           N/A          100%        2    ###....
 Shroud of Golubria       Chrm/Tloc      #.....       100%        2    ###....
 Song of Slaying          Chrm           #.......     100%        2    ###....
 Throw Flame              Conj/Fire      #.....       100%        2    ###....
 Conjure Flame            Conj/Fire      #.......     100%        3    ####...
 Inner Flame              Hex/Fire       #.......     100%        3    ####...
 Spectral Weapon          Hex/Chrm       #.......     100%        3    ####...
 Animate Dead             Necr           N/A          100%        4    #####..
 Sticky Flame             Conj/Fire      #.......     100%        4    #####..
 Agony                    Necr           #.......     100%        5    ######.
 Borgnjor's Vile Clutch   Necr/Erth      #.........   100%        5    ######.
 Dispel Undead            Necr           #.......     100%        5    ######.
 Fireball                 Conj/Fire      #.........   100%        5    ######.
 Simulacrum               Ice/Necr       #.........   100%        6    #######


Dungeon Overview and Level Annotations

Branches:
Dungeon (8/15)             Temple (0/1) D:5
   Lair: D:8-11

Altars:
Ashenzari
Cheibriados
Kikubaaqudgha
Nemelex Xobeh
Vehumet
Wu Jian
Yredelemnul

Annotations:
D:2 Sigmund
D:3 3 runed translucent doors, MirrMurr's ghost, amateur MfGl
D:8 Harold; Pikel


Innate Abilities, Weirdness & Mutations

Your body is rotting away.
You thrive on raw meat.
You are immune to poison.
You have sharp fingernails.
You are carnivorous and can eat meat at any time.
Your flesh is cold resistant. (rC+)
You are immune to negative energy. (rN+++)
You do not regenerate when monsters are visible.
You are immune to unholy pain and torment.
You can survive without breathing.


Message History

You see here a throwing net {!f}.
You tear a large gash into the net.
You struggle against the net.
You rip the net and break free!
Harold zaps a wand.
The mass of ice explodes!
The iceblast engulfs you. You partially resist.
You hear a shout! x3; You hear a loud, deep croak!
You punch the bullfrog!
The bullfrog is moderately wounded.
You block the bullfrog's attack.
You punch the bullfrog!
The bullfrog is almost dead.
You block the bullfrog's attack.
You closely miss the bullfrog.
The bullfrog is almost dead.
You block the bullfrog's attack.
Harold points at you and mumbles some strange words.
A sentinel's mark forms upon you. You block the bullfrog's attack.
You punch the bullfrog!
You kill the bullfrog!
Kikubaaqudgha accepts your kill.
Harold throws a throwing net.
The throwing net hits you.
You become entangled in the net!
You tear a large gash into the net.
Harold zaps a wand.
The mass of ice explodes!
The iceblast engulfs you! You partially resist.
You struggle against the net.
You rip the net and break free!
You block Harold's attack.
A slave comes into view.
You completely miss Harold.
A bullfrog comes into view.
Pikel the Slaver comes into view.
He is wielding a +0 whip of freezing and carrying a wand of acid (10).
Harold says, "Let's make it quick, okay?
I've got mouths to feed."
Harold hits you but does no damage.
A slave comes into view.
You hit Harold but do no damage. You punch Harold!
Harold is lightly wounded.
You block Harold's attack.
A slave comes into view.
Your shield and plate armour prevent you from hitting Harold.
Harold is lightly wounded.
You block Harold's attack.
You punch Harold!
Harold is lightly wounded.
You block the bullfrog's attack. You block Harold's attack.
Okay, then.
You feel very mighty all of a sudden. You block the bullfrog's attack.
Harold hits you with a +0 dire flail. The bullfrog hits you.
You pummel Harold!!
Harold is heavily wounded.
A slave comes into view.
The bullfrog hits you.
Your shield and plate armour prevent you from hitting Harold.
Harold is heavily wounded.
You block the bullfrog's attack. You block the slave's attack.
The bullfrog hits you but does no damage.
You block the slave's attack. Harold hits you with a +0 dire flail.
Pikel hits you but does no damage.
Your plate armour prevents you from hitting Harold.
Harold is heavily wounded.
You block the bullfrog's attack. You block the slave's attack.
The slave hits you. The slave hits you but does no damage.
Harold hits you with a +0 dire flail!
* * * LOW HITPOINT WARNING * * *
Pikel hits you but does no damage. The bullfrog completely misses you.
Your shield and plate armour prevent you from hitting Harold.
Harold is heavily wounded.
The slave hits you but does no damage. You block the slave's attack.
You block the bullfrog's attack. The slave hits you but does no damage.
Pikel hits you but does no damage. Harold hits you with a +0 dire flail!
* * * LOW HITPOINT WARNING * * *
Unknown command.
A crimson imp comes into view.
The bullfrog hits you but does no damage.
The crimson imp blinks!
You block Pikel's attack.
You hit Harold.
Harold is heavily wounded.
You block the bullfrog's attack. You block Harold's attack.
The bullfrog hits you but does no damage.
The slave hits you but does no damage. Pikel hits you but does no damage.
You punch Harold!
Harold is severely wounded.
Harold hits you but does no damage. You block the bullfrog's attack.
The crimson imp blinks!
The slave hits you!
* * * LOW HITPOINT WARNING * * *
Pikel zaps a wand.
The bolt of acid hits you!
* * * LOW HITPOINT WARNING * * *
The acid corrodes you!
You are splashed with acid!
* * * LOW HITPOINT WARNING * * *
Okay, then.
Okay, then.
It was a potion of agility.
You feel agile all of a sudden. You block the bullfrog's attack.
You block Harold's attack. The slave hits you!
You die...
Kikubaaqudgha rasps: "You have failed me!
Welcome... oblivion!"

## ### .... #
###.##.####....
#.#.....>#..#..#
.............##
....#..#§...#
#.##.##p(...
##....@Fp#
#.....@pp#
#.....#K.#
##......5....
#............#
##.....(.......
###.....###.....
###.......##
##...
#............
...
#............


You could see Harold, Pikel, 4 slaves, a bullfrog and a crimson imp.

Vanquished Creatures
  Joseph (D:7)
  Grinder (D:4)
  Eustachio (D:6)
  A hungry ghost (D:7)
  Edmund (D:4)
  A water moccasin (D:5)
  A phantom (D:7)
  2 orc warriors (D:6 D:7)
  2 ice beasts (D:6)
  4 ogres (D:6 D:7 D:8)
  A centaur (D:8)
  2 big kobolds (D:7 D:8)
  5 bullfrogs (D:4 D:6 D:7 D:8)
  3 scorpions (D:6 D:7 D:8)
  2 howler monkeys (D:5)
  A crimson imp (D:5)
  A jelly (D:7)
  3 hounds (D:5 D:8)
  A centaur skeleton (D:5)
  3 orc priests (D:6 D:7)
  A bullfrog skeleton (D:4)
  2 orc wizards (D:7)
  9 worker ants (D:4 D:5 D:6 D:7)
  2 hound zombies (D:5 D:8)
  A howler monkey zombie (D:5)
  11 gnolls (D:4 D:6 D:7)
  3 adders (D:2 D:4 D:5)
  A shadow imp (D:8)
  2 oozes (D:4)
  An adder zombie (D:5)
  2 adder skeletons (D:4 D:5)
  3 worms (D:2 D:3 D:6)
  3 dart slugs (D:3 D:4)
  3 leopard geckos (D:3 D:4)
  12 orcs (D:5 D:6 D:7)
  3 giant cockroaches (D:2 D:3 D:4)
  7 goblins (D:1 D:2 D:3 D:6)
  8 hobgoblins (D:1 D:2 D:3)
  8 jackals (D:1 D:3 D:4)
  3 quokkas (D:2 D:3 D:4)
  A ball python (D:1)
  10 bats (D:1 D:2 D:3)
  5 frilled lizards (D:1 D:2 D:4 D:5)
  20 kobolds (D:1 D:2 D:3 D:7 D:8)
  A leopard gecko skeleton (D:6)
  A quokka skeleton (D:5)
  6 rats (D:1 D:2 D:3)
166 creatures vanquished.

Notes
Turn   | Place    | Note
-------+----------+-------------------------------------------
     0 | D:1      | Monsterracer the Ghoul Fire Elementalist began the quest
                  | for the Orb.
     0 | D:1      | Reached XP level 1. HP: 14/14 MP: 2/2
    15 | D:1      | HP: 6/14 [goblin/+0 dagger (2)]
   477 | D:1      | Reached skill level 1 in Unarmed Combat
   567 | D:1      | Reached XP level 2. HP: 13/22 MP: 3/3
   569 | D:1      | HP: 11/22 [jackal (2)]
   574 | D:1      | HP: 8/22 [jackal (1)]
   580 | D:1      | HP: 6/22 [jackal (1)]
   582 | D:1      | HP: 2/22 [jackal (2)]
   583 | D:1      | Reached skill level 1 in Fighting
   587 | D:1      | HP: 9/23 [jackal (1)]
   880 | D:1      | Reached skill level 2 in Unarmed Combat
  1173 | D:2      | Reached XP level 3. HP: 26/28 MP: 4/4
  1576 | D:2      | Noticed Sigmund
  1585 | D:2      | HP: 12/29 [Sigmund/+0 scythe of flaming (3)]
  1606 | D:3      | Reached skill level 3 in Unarmed Combat
  1611 | D:3      | HP: 8/29 [leopard gecko (4)]
  1781 | D:3      | Reached XP level 4. HP: 35/36 MP: 5/5
  1799 | D:3      | Found an ancient bone altar of Kikubaaqudgha.
  1803 | D:3      | Became a worshipper of Kikubaaqudgha
  1940 | D:3      | Noticed MirrMurr's ghost (amateur MfGl)
  2243 | D:3      | Found a snail-covered altar of Cheibriados.
  2363 | D:3      | Found a runed translucent gate.
  2364 | D:3      | Found a runed translucent gate.
  2365 | D:3      | Found a runed translucent gate.
  2787 | D:4      | HP: 18/36 [jackal (1)]
  2796 | D:4      | HP: 17/36 [jackal (1)]
  2802 | D:4      | HP: 12/36 [jackal (1)]
  2889 | D:4      | Noticed a bullfrog
  2896 | D:4      | Killed a bullfrog
  2896 | D:4      | Reached skill level 1 in Shields
  2896 | D:4      | Reached skill level 4 in Unarmed Combat
  2896 | D:4      | Reached XP level 5. HP: 26/42 MP: 6/6
  2899 | D:4      | HP: 21/42 [dart slug/slug dart (5)]
  3138 | D:4      | Found a sparkling altar of Nemelex Xobeh.
  3218 | D:4      | Noticed Edmund
  3230 | D:4      | HP: 19/44 [Edmund/+6 dire flail of protection (5)]
  3241 | D:4      | HP: 11/44 [Edmund/+6 dire flail of protection (7)]
  3250 | D:4      | HP: 2/44 [Edmund/+6 dire flail of protection (9)]
  3257 | D:4      | Reached skill level 5 in Shields
  3257 | D:4      | Reached skill level 10 in Unarmed Combat
  3257 | D:4      | Reached XP level 6. HP: 3/60 MP: 7/7
  3285 | D:4      | HP: 6/60 [Edmund/+6 dire flail of protection (6)]
  3671 | D:4      | HP: 23/60 [Edmund/+6 dire flail of protection (9)]
  3684 | D:4      | Killed Edmund
  3684 | D:4      | Reached XP level 7. HP: 23/66 MP: 8/8
  3934 | D:4      | Noticed Grinder
  3943 | D:4      | Paralysed by Grinder for 2 turns
  3957 | D:4      | Paralysed by Grinder for 6 turns
  3975 | D:4      | Killed Grinder
  3975 | D:4      | Reached skill level 1 in Armour
  4048 | D:4      | Reached * piety under Kikubaaqudgha
  4048 | D:4      | Identified Kikubaaqudgha's Handbook of Black Magic
                  | (Kikubaaqudgha gifted it to you on level 4 of the Dungeon)
  4048 | D:4      | Received a gift from Kikubaaqudgha
  4143 | D:4      | Learned a level 3 spell: Regeneration
  4353 | D:5      | Entered Level 5 of the Dungeon
  4389 | D:5      | Reached XP level 8. HP: 59/72 MP: 9/9
  4482 | D:5      | Found a staircase to the Ecumenical Temple.
  4781 | D:5      | Got a faintly glowing brass amulet
  4897 | D:5      | Identified the amulet of Yqamit {rC+ Regen+ Stlth+} (You
                  | found it on level 5 of the Dungeon)
  5106 | D:5      | Found a shattered altar of Ashenzari.
  5268 | D:6      | Noticed Eustachio
  5281 | D:6      | HP: 34/73 [gnoll (5)]
  5370 | D:6      | Killed Eustachio
  5393 | D:6      | Found a basalt altar of Yredelemnul.
  5414 | D:6      | Found a radiant altar of Vehumet.
  5497 | D:6      | Reached skill level 11 in Unarmed Combat
  5504 | D:6      | Reached ** piety under Kikubaaqudgha
  5511 | D:6      | Reached XP level 9. HP: 75/81 MP: 10/10
  5571 | D:6      | HP: 37/81 [orc warrior/+0 war axe (10)]
  5970 | D:7      | Noticed Joseph
  5988 | D:7      | HP: 37/81 [Joseph/+0 quarterstaff (5)]
  5990 | D:7      | Killed Joseph
  6116 | D:7      | Identified a scroll of acquirement
  6358 | D:7      | Reached *** piety under Kikubaaqudgha
  6358 | D:7      | Identified Kikubaaqudgha's Compendium of Unholy Arts
                  | (Kikubaaqudgha gifted it to you on level 7 of the Dungeon)
  6358 | D:7      | Received a gift from Kikubaaqudgha
  6495 | D:7      | Found an ornate altar of the Wu Jian Council.
  6514 | D:7      | Reached XP level 10. HP: 89/89 MP: 11/11
  6847 | D:8      | Noticed Harold
  6860 | D:8      | Noticed Pikel
  6869 | D:8      | HP: 43/90 [Harold/+0 dire flail (17)]
  6873 | D:8      | HP: 15/90 [Pikel/bolt of acid (10)]
  6873 | D:8      | HP: 1/90 [acid (14)]
  6874 | D:8      | Mangled by a slave

Levels and vault maps discovered:
D:1:      minmay_arrival_four_loops, layout_basic, minmay_distorted
D:2:      layout_rooms, amethyst_overflow_temple_binary, uniq_sigmund
D:3:      layout_loops_ring, kennysheep_slug_shrine, kiku_gazebo_garden_becter,
          gammafunk_ghost_icy, first_ration
D:4:      layout_cave_pools, nemelex_xobeh_ov_fountains_minmay, uniq_edmund,
          uniq_grinder
D:5:      layout_loops_corners, lemuel_doored_altar, temple_doors_ab
D:6:      layout_rooms, vehumet_altar_wand_db, basic_altar, uniq_eustachio
D:7:      layout_rooms, overflow_temple_1_default, uniq_joseph
D:8:      layout_cave_pools, basic_altar, uniq_harold, uniq_pikel

Skill      XL: |  1  2  3  4  5  6  7  8  9 |
---------------+----------------------------+-----
Unarmed Combat | 1 2 3 4 10 11 | 11.8
Fighting       | 1 2 7 8 |  8.5
Shields        | 1 5 6 |  6.7
Armour         | 1 2 3 |  3.6
Dodging        | |  1.7
Stealth        | |  2.1
Spellcasting   | |  1.7
Conjurations   | |  0.7
Fire Magic     | |  2.4

Action                   |  1- 3 |  4- 6 |  7- 9 | 10-12 || total
-------------------------+-------+-------+-------+-------++-------
Melee: Unarmed           |   242 |   199 |   391 |    68 ||   900
       Punch             |     1 |       |       |       ||     1
  Use: Potion            |     2 |     4 |       |     2 ||     8
       Scroll            |       |       |    10 |     2 ||    12
  Eat: Chunk             |    14 |    11 |    24 |     1 ||    50
Armor: Plate armour      |   298 |   190 |   178 |    62 ||   728
       Robe              |     2 |       |       |       ||     2
Dodge: Dodged            |    43 |     7 |     7 |     3 ||    60
Block: Large shield      |       |   102 |   221 |    81 ||   404
